AoeStats
← 海霸天

Black Forest

510049217Analyzed
3v3 RM · 4d ago on Sep 29, 2026· 72m 5s· 6 players
Game mode
Random Map
Map size
Normal (6 player)
Population
200
Speed
Normal
Resources
Standard
Victory
Conquest
Starting age
Dark Age
Ending age
Imperial Age
RankedLock teamsTeams togetherTeam positionsShared explorationLock speedFull tech treeHidden civsTurbo modeCheats
Victory
Defeat
🇪🇪 Turks · Estonia
718
+15
🇹🇼 Bengalis · Taiwan
702
+15
🇵🇹 Aztecs · Portugal
696
+16
🇳🇿 Slavs · New Zealand
738
-18
🇦🇺 Bohemians · Australia
667
-14
🇦🇺 Malians · Australia
660
-14
ANCORA
11:15 Feudal Age
11:37 Horse Collar
11:44 Double-Bit Axe
18:46 Wheelbarrow
23:15 Castle Age
24:13 Hand Cart
24:18 Heavy Plow
24:33 Bow Saw
24:50 Stone Mining
24:51 Gold Mining
27:23 Caravan
29:02 Gold Shaft Mining
30:13 Stone Shaft Mining
37:59 Imperial Age
40:03 Elite Jaguar Warrior
41:14 Garland Wars
41:17 Conscription
46:16 Crop Rotation
48:28 Ballistics
49:09 Chemistry
48:21 Scale Mail Armor
48:31 Forging
65:46 Chain Mail Armor
66:07 Iron Casting
Hercule Poirot II
0:40 Loom
11:51 Feudal Age
12:33 Town Watch
12:52 Double-Bit Axe
13:27 Gold Mining
21:14 Horse Collar
21:26 Fishing Lines
22:27 Stone Mining
25:30 Castle Age
25:55 Forging
25:51 Scale Barding Armor
26:06 Scale Mail Armor
25:56 Fletching
26:28 Bloodlines
26:18 Husbandry
31:37 Caravan
35:24 Wheelbarrow
34:49 Town Patrol
34:59 Gillnets
39:04 Imperial Age
36:50 Medium Warships
37:49 Hand Cart
38:18 Crossbowman
39:53 Thumb Ring
40:41 Treadmill Crane
41:13 Masonry
40:59 Murder Holes
41:51 Bow Saw
41:52 Heavy Plow
42:59 Conscription
43:29 Gold Shaft Mining
44:13 Iron Casting
43:59 Chain Barding Armor
43:04 Cavalier
45:23 Hoardings
45:57 Artillery
47:11 Squires
48:24 Two-Man Saw
47:09 Elite Janissary
48:10 Sipahi
47:14 Capped Ram
49:30 Bodkin Arrow
49:35 Padded Archer Armor
50:36 Blast Furnace
49:52 Chain Mail Armor
50:12 Plate Barding Armor
49:42 Heavy Camel Rider
51:27 Architecture
51:18 Bombard Tower
51:20 Ballistics
51:28 Heavy Scorpion
52:58 Sanctity
52:52 Fervor
52:41 Sappers
54:36 Coinage
54:16 Guilds
57:45 Plate Mail Armor
57:50 Plate Barding Armor
57:16 Bracer
57:31 Leather Archer Armor
57:31 Fortified Wall
57:12 Guard Tower
60:11 Siege Ram
66:57 Elite Cannon Galleon
69:12 Banking
70:08 Keep
69:19 Arrowslits
69:25 Heated Shot
海霸天
1:40 Loom
25:18 Feudal Age
26:32 Horse Collar
26:54 Double-Bit Axe
32:01 Castle Age
30:41 Wheelbarrow
29:53 Town Watch
30:20 Gold Mining
30:20 Stone Mining
33:54 Bow Saw
35:14 Wheelbarrow
41:45 Imperial Age
39:30 Hand Cart
39:18 Town Patrol
39:23 Husbandry
39:34 Bloodlines
42:39 Gold Shaft Mining
45:02 Two-Man Saw
44:12 Heavy Plow
44:56 Conscription
46:29 Ballistics
47:55 Padded Archer Armor
47:46 Fletching
48:57 Light Cavalry
52:32 Forging
52:27 Scale Barding Armor
52:47 Ballistics
52:51 Elite Skirmisher
55:25 Elite Battle Elephant
59:58 Paiks
60:15 Mahayana
59:16 Elite Ratha (Ranged)
62:00 Leather Archer Armor
61:36 Fletching
monteleone_bennie
16:24 Feudal Age
17:04 Double-Bit Axe
17:02 Horse Collar
18:51 Wheelbarrow
yawentseng1102
12:58 Feudal Age
23:03 Castle Age
23:31 Double-Bit Axe
28:41 Caravan
34:51 Imperial Age
41:20 Wheelbarrow
43:34 Chemistry
43:12 Bow Saw
42:44 Horse Collar
43:33 Gold Mining
44:01 Cavalier
45:23 Onager
46:30 Hand Cart
48:38 Pikeman
50:02 Siege Onager
52:34 Gold Shaft Mining
53:14 Elite Gbeto
54:04 Elite Skirmisher
55:15 Light Cavalry
57:56 Tigui
62:22 Capped Ram
xSlipperyx
0:31 Loom
19:54 Feudal Age
21:15 Wheelbarrow
21:44 Horse Collar
21:51 Double-Bit Axe
28:28 Castle Age
28:01 Fletching
28:17 Scale Barding Armor
28:22 Forging
30:43 Heavy Plow
33:25 Bow Saw
33:50 Town Watch
35:16 Bloodlines
35:07 Husbandry
36:21 Iron Casting
37:38 Hand Cart
41:08 Imperial Age
40:11 Gold Mining
41:03 Ballistics
41:00 Fortified Wall
41:09 Bodkin Arrow
42:15 Siege Engineers
41:40 Cavalier
42:49 Conscription
43:35 Masonry
46:24 Chain Barding Armor
47:42 Padded Archer Armor
48:45 Blast Furnace
49:14 Chemistry
49:47 Plate Barding Armor
49:56 Gold Shaft Mining
51:40 Leather Archer Armor
52:52 Detinets
54:03 Heavy Cavalry Archer
54:41 Stone Mining
56:16 Murder Holes
56:53 Ring Archer Armor
60:45 Crop Rotation
61:18 Two-Man Saw
Connection lost

Rejoining the realm…

Still unreachable

The connection could not be restored.

Session expired

The server has moved on; the page needs a fresh start.